 Dungeon Crawl Stone Soup version 0.25-a0-610-gd0df705f03 (webtiles) character file.

Game seed: 6422717832248845131, levelgen mode: deterministic

55 Lugonue the Ducker (level 3, -5/30 HPs)
             Began as a Minotaur Gladiator on Mar 16, 2020.
             Slain by a gnoll
             ... wielding a +0 spear
              (6 damage)
             ... on level 3 of the Dungeon.
             The game lasted 00:01:21 (540 turns).

Lugonue the Ducker (Minotaur Gladiator)              Turns: 540, Time: 00:01:21

Health: -5/30      AC:  4    Str: 17 (19) XL:     3   Next: 67%
Magic:  2/2        EV: 13    Int:  3 (5)  God:
Gold:   53         SH:  0    Dex:  9 (11) Spells: 2/2 levels left

rFire    + . .     SeeInvis .   a - +0 long sword
rCold    . . .     Gourm    .   (no shield)
rNeg     . . .     Faith    .   b - +0 leather armour
rPois    .         Spirit   .   c - +0 hat
rElec    .         Reflect  .   l - +0 cloak
rCorr    .         Harm     .   (no gloves)
MR       .....                  (no boots)
Stlth    +.........             (no amulet)
HPRegen  0.10/turn              g - ring of protection from fire
MPRegen  0.08/turn              (no ring)

@: about to teleport
A: retaliatory headbutt, horns 2
a: no special abilities


You were on level 3 of the Dungeon.
You were not hungry.

You visited 1 branch of the dungeon, and saw 3 of its levels.

You collected 53 gold pieces.

Inventory:

Hand Weapons
 a - a +0 long sword (weapon)
Armour
 b - a +0 leather armour (worn)
 c - a +0 hat (worn)
 l - a +0 cloak (worn)
Jewellery
 g - a ring of protection from fire (left hand)
Scrolls
 j - a scroll of amnesia {unknown}
 k - a scroll of noise {unknown}
Comestibles
 f - a ration


   Skills:
 * Level 2.9 Fighting
 + Level 4.2 Long Blades
 + Level 2.2 Throwing
 + Level 0.3 Armour
 * Level 4.3 Dodging


You had 2 spell levels left.
You didn't know any spells.
Your spell library was empty.

Dungeon Overview and Level Annotations

Branches:
Dungeon (3/15)

Altars:


Innate Abilities, Weirdness & Mutations

You reflexively headbutt those who attack you in melee.
You have a pair of horns on your head.


Message History

The hobgoblin shouts!
The hobgoblin barely misses you.
You riposte.
You closely miss the hobgoblin. You closely miss the hobgoblin.
The hobgoblin misses you.
You closely miss the hobgoblin. The hobgoblin hits you with a +0 club.
* * * LOW HITPOINT WARNING * * *
The gnoll barely misses you.
You closely miss the hobgoblin. The hobgoblin hits you with a +0 club.
* * * LOW HITPOINT WARNING * * *
The gnoll closely misses you.
You aren't carrying any potions.
As you read the scroll labeled WINEGE WUASK, it crumbles to dust.
You feel strangely unstable.
It was a scroll of teleportation.
The hobgoblin hits you with a +0 club.
* * * LOW HITPOINT WARNING * * *
The gnoll misses you.
Unknown command.
You closely miss the hobgoblin. The hobgoblin hits you with a +0 club.
* * * LOW HITPOINT WARNING * * *
The gnoll hits you from afar with a +0 spear.
You die...

#################.####
#....g....ggg.@gg.....
#.###############.####
#.##.. #[#.# #g.# ###
##..# .... ##...## #..
.....g###.#
##.#.#....#


You could see 3 gnolls and 2 hobgoblins.

Vanquished Creatures
  A hound (D:3)
  A worm (D:3)
  2 dart slugs
  A giant cockroach (D:1)
  2 hobgoblins (D:1)
  3 jackals (D:3)
  2 ball pythons
  2 bats
  2 frilled lizards (D:1)
  A goblin (D:2)
  A kobold (D:2)
  4 rats
22 creatures vanquished.

Notes
Turn   | Place    | Note
-------+----------+-------------------------------------------
     0 | D:1      | Lugonue the Minotaur Gladiator began the quest for the Orb.
     0 | D:1      | Reached XP level 1. HP: 18/18 MP: 0/0
   115 | D:1      | Reached XP level 2. HP: 20/25 MP: 1/1
   404 | D:3      | Reached XP level 3. HP: 27/30 MP: 2/2
   540 | D:3      | HP: 1/30 [hobgoblin/+0 club (1)]
   540 | D:3      | Slain by a gnoll

Levels and vault maps discovered:
D:1:      lightli_arrival_statuegarden, layout_loops_ring, nrook_mini_vaults,
          minmay_pentomino_v4
D:2:      layout_loops_corners, uniq_natasha
D:3:      kb_forest_paths, layout_loops_ring

Skill      XL: |  1  2 |
---------------+-------+-----
Long Blades    | 4 |  4.2
Dodging        | 4 |  4.3
Fighting       | |  2.9
Throwing       | |  2.2
Armour         | |  0.3

Action                   || total
-------------------------++-------
Melee: Long sword        ||    43
       Headbutt          ||    13
Throw: Throwing net      ||     3
  Use: Potion            ||     2
       Scroll            ||     1
Armor: Leather armour    ||    12
Dodge: Dodged            ||    39
       Rpst.: Long sword ||     5

Table legend:
 A = Non-vault XP
 B = Vault XP
 C = Vault XP percentage of total XP
 D = Non-vault monster count
 E = Vault monster count
 F = Vault count percentage of total count
                 A         B        C        D         E       F
            +---------+---------+-------+---------+---------+-------
      Total |      74 |       5 |   6.3 |      20 |       2 |   9.1
            +---------+---------+-------+---------+---------+-------
        D:1 |      16 |       0 |   0.0 |      10 |       0 |   0.0
        D:2 |       3 |       0 |   0.0 |       3 |       0 |   0.0
        D:3 |      55 |       5 |   8.3 |       7 |       2 |  22.2
            +---------+---------+-------+---------+---------+-------
